 Dungeon Crawl Stone Soup version 0.30-b1-2-g02819fbbbe (webtiles) character file.

Game seed: 2564223442506152472

168412 LLlMATKO the Warrior (level 17, -1/258 HPs)
             Began as a Minotaur Berserker on Nov 30, 2023.
             Was the Champion of Trog.
             Killed from afar by an Ice Fiend (6 damage)
             ... with a bolt of cold
             ... in an ice cave.
             The game lasted 00:36:24 (31539 turns).

LLlMATKO the Warrior (Minotaur Berserker)          Turns: 31539, Time: 00:36:25

Health: -1/258     AC: 36    Str: 29    XL:     17   Next: 33%
Magic:  16/16      EV: 18    Int:  4    God:    Trog [******]
Gold:   2061       SH: 26    Dex: 19    Spells: 16/16 levels left

rFire   x . .        Y - +10 broad axe "Giantbane" {flame, Dex+3}
rCold   + + .        q - +0 tower shield
rNeg    . . .        l - +8 plate armour "Bopix" {Dex+5 Slay+3}
rPois   .            N - +2 hat
rElec   .            G - +2 cloak
rCorr   .            m - +1 pair of gloves {Stlth+}
SInv    .            F - +0 pair of boots {Stlth+}
Will    +....        A - amulet of reflection Stlth
                     S - ring of protection from cold
HPRegen 0.63/turn    r - ring of ice
MPRegen 0.15/turn

%: reflection
@: berserking (expiring), very quick
A: horns 2, retaliatory headbutt
a: Renounce Religion, Berserk, Trog's Hand, Brothers in Arms


You were in an ice cave.
You worshipped Trog.
Trog was exalted by your worship.
You visited 4 branches of the dungeon, and saw 26 of its levels.
You also visited: Sewer, Gauntlet and Ice Cave.

You collected 2507 gold pieces.
You spent 446 gold pieces at shops.

Inventory:

Hand Weapons
 a - a +2 broad axe of flaming
 E - the +2 war axe of Qazlal, Supporting {venom, rElec}
   (You found it in a Gauntlet)

   rElec:     It insulates you from electricity.
 P - a +2 demon whip of draining
 V - a +6 broad axe
 Y - the +10 broad axe "Giantbane" (weapon) {flame, Dex+3}
   (You bought it in a shop on level 2 of the Orcish Mines)

   Dex:       It affects your dexterity (+3).
Missiles
 o - 10 javelins
 s - 44 poisoned darts (quivered)
 x - a throwing net
 H - 5 curare-tipped darts
Armour
 l - the +8 plate armour "Bopix" (worn) {Dex+5 Slay+3}
   (You found it in a sewer)

   Dex:       It affects your dexterity (+5).
   Slay:      It affects your accuracy & damage with ranged weapons and melee
   (+3).
 m - a +1 pair of gloves of stealth (worn)
 q - a +0 tower shield (worn)
 F - a +0 pair of boots of stealth (worn)
 G - a +2 cloak (worn)
 M - a +1 buckler of cold resistance
 N - a +2 hat (worn)
Jewellery
 r - a ring of ice (right hand)
 t - a ring of willpower
 A - an amulet of reflection (around neck)
 C - a ring of see invisible
 Q - a ring of fire
 S - a ring of protection from cold (left hand)
 U - the amulet of Joqeprot {Regen+ Str+5}
   (You found it on level 2 of the Swamp)

   [amulet of regeneration]

   Str:       It affects your strength (+5).
   Regen:     It increases your rate of health regeneration.
 W - a +4 ring of slaying
Wands
 i - a wand of mindburst (18)
 k - a wand of digging (8)
 n - a wand of charming (24)
 p - a wand of flame (84)
 u - a wand of roots (12)
 O - a wand of light (12)
 R - a wand of polymorph (4)
Scrolls
 b - 3 scrolls of enchant weapon
 c - 16 scrolls of identify
 d - 3 scrolls of blinking
 h - 4 scrolls of fog
 j - 2 scrolls of immolation {unknown}
 v - 14 scrolls of teleportation
 y - 2 scrolls of fear
 D - 4 scrolls of enchant armour
 J - 2 scrolls of summoning
 K - a scroll of brand weapon {unknown}
 Z - 2 scrolls of magic mapping
Potions
 e - 11 potions of might
 f - 4 potions of haste
 g - 2 potions of cancellation
 w - 2 potions of resistance
 z - 10 potions of curing
 B - 5 potions of flight
 I - 2 potions of invisibility {unknown}
 L - 9 potions of heal wounds
 T - a potion of ambrosia {unknown}


   Skills:
 + Level 20.8 Fighting
 + Level 17.6 Axes
 + Level 17.4 Armour
 + Level 18.7 Dodging
 + Level 16.2 Shields


You had 16 spell levels left.
You didn't know any spells.
Your spell library was empty.

Dungeon Overview and Level Annotations

Branches:
Dungeon (15/15)            Temple (0/1) D:6            Lair (5/5) D:9
  Swamp (4/4) Lair:3       Spider (0/4) Lair:2        Slime (0/5) Lair:4
    Orc (2/2) D:10            Elf (0/3) Orc:2        Vaults (0/5) D:14
 Depths (0/4) D:15          Sewer (visited)           IceCv (1/1)
Gauntlet (visited)

Altars:
Ashenzari
Cheibriados
Dithmenos
Elyvilon
Fedhas
Gozag
Hepliaklqana
Makhleb
Sif Muna
Trog
Uskayaw
Vehumet
Wu Jian
Yredelemnul
Zin
The Shining One
Lugonu

Shops:
D:8 *   Orc:2 (?[(

Portals:
Abyss: Lair:5


Innate Abilities, Weirdness & Mutations

You have a pair of horns on your head.
You reflexively headbutt those who attack you in melee.


Message History

* * * LOW HITPOINT WARNING * * *
You slice the Ice Fiend!! You burn the Ice Fiend.
You kill the Ice Fiend!
Trog accepts your kill.
You slash the ice devil! You burn the ice devil.
Unknown command.
You barely miss the ice devil.
The ice devil is almost dead.
You block the ice devil's attack.
Unknown command.
You slice the ice devil!! You burn the ice devil.
You feel the power of Trog in you as your rage grows.
You kill the ice devil!
Trog accepts your kill.
Unknown command.
The Ice Fiend claws you.
* * * LOW HITPOINT WARNING * * *
The Ice Fiend freezes you! You resist.
* * * LOW HITPOINT WARNING * * *
You block the Ice Fiend's attack.
You slash the Ice Fiend! You burn the Ice Fiend!
The Ice Fiend is lightly wounded.
You hit the ice devil but do no damage.
Unknown command.
You closely miss the Ice Fiend.
The Ice Fiend is lightly wounded.
You slash the ice devil! You burn the ice devil!
You block the ice devil's attack. The Ice Fiend barely misses you.
The Ice Fiend claws you.
* * * LOW HITPOINT WARNING * * *
The Ice Fiend freezes you. You resist.
* * * LOW HITPOINT WARNING * * *
You hit the Ice Fiend. You burn the Ice Fiend.
The Ice Fiend is lightly wounded.
You slice the ice devil!! You burn the ice devil!
You kill the ice devil!
Trog accepts your kill. The Ice Fiend gestures at you.
The bolt of cold hits you. You resist.
You die...

### ### ?[/ ##.. ... ##..∩
###.### #.... ###.....###
#...∩ ###...Z1.##.## ##...
####.... #@.....# ##..
###..#...§.#....#### ##..
##.....###○○#..###§§§ #...
##.......☼°..#...§§°○§ #...
#.......##☼.°...##☼..○ ##..
#.......##.§§..○###§§. #####.
##.......#☼.○°..☼☼#
.§..#≈≈≈##
##......####.°##.§..§#.°≈≈.#.
###.......☼☼##Z..☼####§##...


You could see an Ice Fiend and a minotaur simulacrum.

Vanquished Creatures
  2 tentacled monstrosities (Swamp:2)
  An Ice Fiend (IceCv)
  Gastronok (D:8)
  A sphinx (D:15)
  2 fenstrider witches
  A frost giant (D:15)
  The ghost of NimIero the Scorcher, a journeyman DrFE of Vehumet (Lair:2)
  5 eleionomae
  A minotaur (Gauntlet)
  4 bunyips
  5 vault guards (D:14)
  The ghost of Zojoiv the Summoner, a journeyman DgSu (Lair:3)
  11 hydras
  2 entropy weavers (shapeshifter) (Lair:5)
  2 ghost crabs (Swamp:2)
  An ogre mage (D:14)
  9 alligators
  The ghost of discopopstar the Skirmisher, a journeyman BaDe of Hepliaklqana (D:9)
  4 centaur warriors
  2 catoblepae
  12 two-headed ogres
  3 death yaks (Lair:5)
  9 boulder beetles
  2 thrashing horrors (Lair:5)
  4 tengu warriors (D:15)
  6 orc high priests
  A spriggan berserker (Swamp:4)
  A deep elf knight (D:14)
  3 skysharks
  9 skeletal warriors (D:12)
  A deep troll (D:15)
  5 goliath frogs
  Amaemon (D:8)
  2 glowing orange brains (Gauntlet)
  3 spriggan druids
  An obsidian statue (IceCv)
  A lindwurm (Lair:5)
  A phantasmal warrior (D:15)
  8 bog bodies
  2 wizards
  5 spriggan simulacra (IceCv)
  A necromancer (D:15)
  10 orc knights
  3 swamp dragons
  25 ugly things
  3 deep elf pyromancers
  2 orc sorcerers (D:15)
  3 will-o-the-wisps
  4 manticores
  10 elephants
  Maurice (D:8)
  6 cyclopes
  Joseph (D:10)
  3 black mambas
  A guardian serpent (shapeshifter) (D:15)
  A cane toad (shapeshifter) (D:14)
  A gargoyle (D:14)
  14 cane toads
  2 smoke demons (Lair:5)
  A swamp worm zombie (Swamp:4)
  An orange demon (D:8)
  A rime drake (Lair:3)
  An unseen horror (D:10)
  9 komodo dragons
  An unseen horror (shapeshifter) (D:12)
  An anaconda simulacrum (IceCv)
  2 efreet (D:15)
  6 freezing wraiths (IceCv)
  4 ancient zymes (Lair:5)
  5 ice devils (IceCv)
  A tengu conjurer (D:14)
  A meliai (shapeshifter) (D:12)
  4 trolls
  4 hornets
  3 polar bears
  A troll (shapeshifter) (Lair:5)
  12 tyrant leeches
  Grinder (D:3)
  Prince Ribbit (D:8)
  4 alligator zombies (Swamp:4)
  A large abomination (Lair:5)
  35 blink frogs
  The ghost of xelsha the Digger, an amateur FoEE (D:3)
  12 small abominations (Lair:5)
  A dream sheep (shapeshifter) (D:15)
  12 slime creatures
  5 culicivoras (Lair:2)
  2 centaur simulacra (Gauntlet)
  9 spriggans
  4 shadows
  A ynoxinul (Lair:5)
  37 yaks
  8 water elementals
  2 dire elephant simulacra (IceCv)
  A wraith (D:13)
  3 wyverns
  2 steam dragons
  10 basilisks
  16 swamp worms
  15 vampire mosquitoes
  3 minotaur simulacra (IceCv)
  3 wargs
  A harpy simulacrum (IceCv)
  17 water moccasins
  4 acid dragons
  2 hydra simulacra (IceCv)
  Duvessa (D:6)
  36 orc warriors
  A sky beast (D:7)
  5 swamp drakes
  An ice beast (D:8)
  2 black bears
  A meliai simulacrum (Gauntlet)
  4 ogres
  9 centaurs
  3 wolves (Lair:4)
  A phantom (D:10)
  5 kobold brigands
  A cane toad simulacrum (Gauntlet)
  2 gnoll sergeants
  2 scorpions
  10 bullfrogs
  A deep troll simulacrum (IceCv)
  3 wights (D:8)
  Dowan (D:6)
  6 killer bees (D:11)
  A troll zombie (D:10)
  2 lindwurm simulacra (IceCv)
  5 electric eels
  4 howler monkeys
  Crazy Yiuf (D:6)
  3 jellies
  2 gnoll boudas
  22 orc priests
  A hound (D:6)
  A sleepcap (D:6)
  2 iguanas
  19 orc wizards
  5 ogre zombies (D:10)
  A boggart simulacrum (Gauntlet)
  21 gnolls
  5 adders
  A river rat (D:3)
  2 white imps (Gauntlet)
  7 worms
  A dart slug (D:1)
  68 orcs
  4 bats
  5 endoplasms
  7 giant cockroaches
  5 goblins
  5 hobgoblins
  3 jackals (D:3)
  26 kobolds
  10 quokkas
  13 ball pythons
  8 frilled lizards
  2 goblin skeletons (D:10)
  2 goblin zombies (D:10)
  A hobgoblin skeleton (D:10)
  2 hobgoblin zombies (D:10)
  2 orc skeletons (D:10)
  10 orc zombies (D:10)
  3 rats
876 creatures vanquished.

Vanquished Creatures (others)
  An orc (D:15)
  10 foxfires
  21 fungi
  58 plants
  5 withered plants (Gauntlet)
95 creatures vanquished.

Grand Total: 971 creatures vanquished

Notes
Turn   | Place    | Note
-------+----------+-------------------------------------------
     0 | D:1      | LLlMATKO the Minotaur Berserker began the quest for the
                  | Orb.
     0 | D:1      | Reached XP level 1. HP: 19/19 MP: 0/0
   140 | D:1      | Reached XP level 2. HP: 26/27 MP: 1/1
   744 | D:2      | Reached skill level 4 in Fighting
   794 | D:2      | Reached XP level 3. HP: 33/33 MP: 2/2
   970 | D:2      | Reached XP level 4. HP: 40/40 MP: 3/3
  1534 | D:2      | Found a faded altar of an unknown god.
  1701 | D:3      | Noticed Grinder
  1725 | D:3      | Killed Grinder
  1725 | D:3      | Reached ** piety under Trog
  1726 | D:3      | Reached skill level 5 in Fighting
  1726 | D:3      | Reached skill level 5 in Axes
  1726 | D:3      | Reached XP level 5. HP: 22/48 MP: 4/4
  1726 | D:3      | Reached XP level 6. HP: 26/56 MP: 5/5
  1828 | D:3      | Found a radiant altar of Vehumet.
  1912 | D:3      | Found a glowing drain.
  1928 | Sewer    | Entered a sewer
  2187 | Sewer    | Identified the +8 plate armour "Bopix" {Dex+5 Slay+3}
  2554 | D:3      | Reached *** piety under Trog
  2757 | D:3      | Found a runed translucent door.
  2760 | D:3      | Noticed xelsha's ghost (amateur FoEE)
  2934 | D:3      | Found a hazy altar of Hepliaklqana.
  3111 | D:3      | Found a runed translucent door.
  3381 | D:4      | Reached XP level 7. HP: 62/62 MP: 6/6
  3502 | D:4      | Reached skill level 5 in Armour
  3557 | D:4      | Reached skill level 6 in Fighting
  3806 | D:5      | Entered Level 5 of the Dungeon
  3932 | D:5      | Found a bloodstained altar of Trog.
  4028 | D:5      | Reached skill level 5 in Dodging
  4111 | D:5      | Found a shimmering blue altar of Sif Muna.
  4213 | D:5      | Found an ornate altar of the Wu Jian Council.
  4646 | D:6      | Found a basalt altar of Yredelemnul.
  4656 | D:6      | Reached XP level 8. HP: 71/71 MP: 7/7
  4766 | D:6      | Found a runed translucent door.
  4767 | D:6      | Noticed Crazy Yiuf
  4778 | D:6      | Found a staircase to the Ecumenical Temple.
  4809 | D:6      | Reached **** piety under Trog
  4934 | D:6      | Found a snail-covered altar of Cheibriados.
  4949 | D:6      | Reached skill level 7 in Fighting
  5198 | D:6      | Noticed Duvessa
  5198 | D:6      | Noticed Dowan
  5205 | D:6      | Killed Duvessa
  5207 | D:6      | Killed Dowan
  5457 | D:6      | Found a burning altar of Makhleb.
  5511 | D:6      | Killed Crazy Yiuf
  5703 | D:7      | Reached skill level 1 in Shields
  5829 | D:7      | Reached XP level 9. HP: 81/81 MP: 8/8
  5914 | D:7      | Reached skill level 8 in Fighting
  6498 | D:8      | Noticed Prince Ribbit
  6510 | D:8      | Killed Prince Ribbit
  6555 | D:8      | Noticed an orange demon
  6557 | D:8      | Noticed Amaemon
  6559 | D:8      | Found Gozag's Platinum Reserve.
  6567 | D:8      | Killed an orange demon
  6807 | D:8      | Killed Amaemon
  6808 | D:8      | Reached skill level 9 in Fighting
  6814 | D:8      | Noticed Maurice
  6922 | D:8      | Killed Maurice
  6923 | D:8      | Reached XP level 10. HP: 91/91 MP: 9/9
  6963 | D:8      | Found an opulent altar of Gozag.
  6991 | D:8      | Noticed a two-headed ogre
  7002 | D:8      | Reached skill level 5 in Shields
  7003 | D:8      | Killed a two-headed ogre
  7199 | D:8      | Found a shadowy altar of Dithmenos.
  7215 | D:8      | Noticed Gastronok
  7242 | D:8      | Killed Gastronok
  7378 | D:8      | Found a white marble altar of Elyvilon.
  7379 | D:8      | Found a blossoming altar of Fedhas.
  7383 | D:8      | Found a glowing golden altar of the Shining One.
  7384 | D:8      | Found a broken altar of Ashenzari.
  7462 | D:9      | Found a transporter.
  7533 | D:9      | Reached skill level 10 in Fighting
  7569 | D:9      | Reached skill level 10 in Axes
  7625 | D:9      | Reached ***** piety under Trog
  7625 | D:9      | Noticed an elephant
  7638 | D:9      | Killed an elephant
  7716 | D:9      | Found a hide-covered altar of Uskayaw.
  7759 | D:9      | Found a staircase to the Lair.
  7790 | D:9      | Noticed a two-headed ogre
  7790 | D:9      | Noticed a two-headed ogre
  7791 | D:9      | Found a transporter.
  7791 | D:9      | Noticed a two-headed ogre
  7927 | D:10     | Entered Level 10 of the Dungeon
  7934 | D:10     | Reached XP level 11. HP: 101/101 MP: 10/10
  7971 | D:10     | Reached skill level 10 in Armour
  7973 | D:10     | Received a gift from Trog
  8030 | D:10     | Found a staircase to the Orcish Mines.
  8125 | D:10     | Noticed a two-headed ogre
  8129 | D:10     | Killed a two-headed ogre
  8493 | D:10     | Identified the +6 quarterstaff of Ijour Qou {pain, *Slow
                  | rElec rF+ Dex+4}
  8753 | D:10     | Noticed Joseph
  8769 | D:10     | Killed Joseph
  9087 | D:11     | Noticed a centaur warrior
  9092 | D:11     | Killed a centaur warrior
  9177 | D:11     | Noticed a two-headed ogre
  9186 | D:11     | Killed a two-headed ogre
  9187 | D:11     | Reached skill level 11 in Fighting
  9411 | D:11     | You fall into a shaft and drop 3 floors!
  9429 | D:14     | Noticed a deep elf pyromancer
  9440 | D:14     | Killed a deep elf pyromancer
  9614 | D:12     | Noticed a skeletal warrior
  9614 | D:12     | Noticed a skeletal warrior
  9614 | D:12     | Noticed a skeletal warrior
  9631 | D:12     | Reached skill level 10 in Dodging
  9634 | D:12     | Killed a skeletal warrior
  9635 | D:12     | Killed a skeletal warrior
  9638 | D:12     | Killed a skeletal warrior
  9777 | D:11     | Noticed a centaur warrior
  9781 | D:11     | Killed a centaur warrior
  9790 | D:11     | Reached XP level 12. HP: 103/110 MP: 11/11
 10016 | Lair:1   | Entered Level 1 of the Lair of Beasts
 10806 | Lair:2   | Reached skill level 12 in Fighting
 10917 | Lair:2   | Found a hole to the Spider Nest.
 10928 | Lair:2   | Received a gift from Trog
 11022 | Lair:2   | Noticed NimIero's ghost (journeyman DrFE)
 11023 | Lair:2   | Found a runed translucent gate.
 11023 | Lair:2   | Found a runed translucent gate.
 11025 | Lair:2   | Found a runed translucent gate.
 11096 | Lair:2   | Noticed a five-headed hydra
 11103 | Lair:2   | Killed a two-headed hydra
 11331 | Lair:2   | Noticed a catoblepas
 11347 | Lair:2   | Killed a catoblepas
 11350 | Lair:2   | Reached skill level 10 in Shields
 11964 | D:3      | Killed xelsha's ghost
 12086 | Lair:3   | Noticed Zojoiv's ghost (journeyman DgSu)
 12086 | Lair:3   | Found a runed translucent door.
 12121 | Lair:3   | Identified a scroll of acquirement
 12121 | Lair:3   | Acquired a manual of Fighting
 12331 | Lair:3   | Found a gate leading to a gauntlet.
 12339 | Gauntlet | Entered a Gauntlet
 12339 | Gauntlet | Noticed a death scarab
 12339 | Gauntlet | Found a transporter.
 12339 | Gauntlet | Found a transporter.
 12356 | Gauntlet | Found a transporter.
 12359 | Gauntlet | Found a transporter.
 12359 | Gauntlet | Found a transporter.
 12359 | Gauntlet | Found a transporter.
 12371 | Gauntlet | Found a transporter.
 12373 | Gauntlet | Found a transporter.
 12375 | Gauntlet | Noticed a quicksilver ooze
 12383 | Gauntlet | Found a transporter.
 12486 | Gauntlet | Found a transporter.
 12488 | Gauntlet | Found a transporter.
 12498 | Gauntlet | Found a transporter.
 12620 | Gauntlet | Identified the +2 war axe of Qazlal, Supporting {venom,
                  | rElec}
 12653 | Gauntlet | Reached skill level 13 in Fighting
 12661 | Gauntlet | Reached XP level 13. HP: 122/122 MP: 12/12
 12793 | Gauntlet | Identified the +8 storm dragon scales of the Clam {Harm
                  | rElec rN+}
 12793 | Gauntlet | Noticed a minotaur
 12798 | Gauntlet | Killed a minotaur
 13231 | Lair:3   | Found a staircase to the Swamp.
 13796 | Lair:4   | Acquired a manual of Dodging
 14026 | Lair:4   | Reached skill level 14 in Fighting
 14071 | Lair:3   | Found a staircase to the Swamp.
 14187 | Lair:3   | Found a runed translucent door.
 14951 | Lair:4   | Identified the +1 robe of Ampir {rN+}
 15133 | Lair:4   | Found a runed translucent door.
 15429 | Lair:4   | Found a staircase to the Slime Pits.
 15489 | Lair:5   | Entered Level 5 of the Lair of Beasts
 15933 | Lair:5   | Reached skill level 15 in Fighting
 16093 | Lair:5   | Identified the +1 leather armour "Akovuguhe" {rN+}
 16104 | Lair:5   | Reached XP level 14. HP: 135/135 MP: 13/13
 16213 | Lair:5   | Received a gift from Trog
 16875 | Lair:5   | Reached skill level 16 in Fighting
 18020 | Lair:5   | Found a corrupted altar of Lugonu.
 18020 | Lair:5   | Found a one-way gate to the infinite horrors of the Abyss.
 18726 | Lair:5   | Found a corrupted altar of Lugonu.
 18726 | Lair:5   | Found a one-way gate to the infinite horrors of the Abyss.
 19429 | Lair:5   | Found a corrupted altar of Lugonu.
 19429 | Lair:5   | Found a one-way gate to the infinite horrors of the Abyss.
 20167 | D:12     | Identified the +0 leather armour of Jyuwkil {-Tele rN+++
                  | MP-9}
 20295 | D:12     | Reached skill level 15 in Dodging
 20351 | D:12     | Reached skill level 17 in Fighting
 20483 | D:12     | Reached skill level 15 in Axes
 20972 | D:13     | Reached XP level 15. HP: 147/147 MP: 14/14
 21300 | D:13     | Reached skill level 15 in Armour
 21981 | Orc:1    | Entered Level 1 of the Orcish Mines
 22118 | Orc:1    | Reached ****** piety under Trog
 22323 | Orc:2    | Entered Level 2 of the Orcish Mines
 22479 | Orc:2    | Found a staircase to the Elven Halls.
 22902 | Orc:2    | Received a gift from Trog
 23553 | Orc:2    | Reached skill level 18 in Fighting
 23929 | Orc:2    | Found Warrumiush's Magic Scroll Emporium.
 23932 | Orc:2    | Found Tyhararupy's Antique Armour Shoppe.
 23933 | Orc:2    | Found Aruurer's Weapon Emporium.
 23934 | Orc:2    | Found Qococat's Antique Weapon Emporium.
 23940 | Orc:2    | Bought a fine broad axe for 252 gold pieces
 23940 | Orc:2    | Identified the +10 broad axe "Giantbane" {flame, Dex+3}
                  | (You bought it in a shop on level 2 of the Orcish Mines)
 23941 | Orc:2    | Bought a scroll of magic mapping for 97 gold pieces
 23941 | Orc:2    | Bought a scroll of magic mapping for 97 gold pieces
 24181 | D:14     | Found a glowing silver altar of Zin.
 24181 | D:14     | Found a white marble altar of Elyvilon.
 24181 | D:14     | Found a glowing golden altar of the Shining One.
 25420 | D:14     | Found a gate to the Vaults.
 25691 | D:15     | Entered Level 15 of the Dungeon
 25885 | D:15     | Reached skill level 19 in Fighting
 26115 | D:15     | Received a gift from Trog
 26126 | D:15     | Reached XP level 16. HP: 146/160 MP: 15/15
 26169 | D:15     | Found a runed translucent door.
 26431 | D:15     | Found a staircase to the Depths.
 26746 | D:15     | Noticed a sphinx
 26757 | D:15     | Killed a sphinx
 26766 | D:15     | Identified the +0 chain mail of Jorano {Contam rPois Regen+
                  | Str+3}
 26933 | Lair:2   | Killed NimIero's ghost
 26976 | Lair:3   | Killed Zojoiv's ghost
 27135 | D:9      | Noticed discopopstar's ghost (journeyman BaDe)
 27154 | D:9      | Reached skill level 15 in Shields
 27158 | D:9      | Killed discopopstar's ghost
 27472 | Swamp:1  | Entered Level 1 of the Swamp
 28851 | Swamp:2  | Reached skill level 20 in Fighting
 29208 | Swamp:2  | Paralysed by a fenstrider witch for 3 turns
 29872 | Swamp:2  | Noticed a tentacled monstrosity
 29874 | Swamp:2  | Noticed a tentacled monstrosity
 29875 | Swamp:2  | Identified the amulet of Joqeprot {Regen+ Str+5}
 29882 | Swamp:2  | Killed a tentacled monstrosity
 29887 | Swamp:2  | Killed a tentacled monstrosity
 30250 | Swamp:3  | Received a gift from Trog
 30802 | Swamp:4  | Entered Level 4 of the Swamp
 30824 | Swamp:4  | Reached XP level 17. HP: 145/171 MP: 16/16
 30919 | Swamp:4  | Found a frozen archway.
 30939 | IceCv    | Entered an ice cave
 31434 | IceCv    | Received a gift from Trog
 31522 | IceCv    | Noticed an Ice Fiend
 31525 | IceCv    | Noticed an Ice Fiend
 31533 | IceCv    | Killed an Ice Fiend
 31538 | IceCv    | HP: 10/258 [Ice Fiend (6)]
 31538 | IceCv    | HP: 4/258 [Ice Fiend (6)]
 31539 | IceCv    | Killed from afar by an Ice Fiend

Illustrated notes

Levels and vault maps discovered:
D:1:      dpeg_arrival_arbitrary_a, layout_loops_cross, nrook_campfire
D:2:      layout_basic, shapermc_ecumenical_altar_notcrosses
D:3:      layout_loops_ring, nicolae_vehumet_altar_sigil,
          nicolae_hepliaklqana_hippocampus, ebering_ghost_sewer_f,
          cheibrodos_sewer_entry_sluice, uniq_grinder
D:4:      layout_rooms
D:5:      layout_basic, nzn_wu_jian_council_hall, lemuel_round_altar,
          amcnicky_altar_gilded
D:6:      layout_basic, cheibriados_altar_1,
          mainiacjoe_overflow_six_doors_small, kennysheep_mini_moat,
          minmay_temple_entry_proselytizer, uniq_crazy_yiuf_cottage,
          uniq_duvessa
D:7:      layout_loops_ring, minmay_door_square
D:8:      layout_cave_pools, nicolae_gozag_zags_fifth_avenue, minitemple,
          uniq_prince_ribbit1, uniq_maurice, uniq_amaemon, uniq_gastronok
D:9:      layout_big_octagon, nicolae_uskayaw_murder_on_the_dancefloor,
          david_lair_generic, gammafunk_ghost_smash
D:10:     layout_roguey, zombieorc1_lemuel, uniq_joseph
D:11:     layout_irregular_city, nicolae_titane
D:12:     layout_loops_cross
D:13:     nooodl_glass_maze, layout_irregular_city, serial_bayou,
          serial_bayou_lagoon_b, serial_bayou_shore_a, serial_bayou_pond_c,
          serial_bayou_pond_c
D:14:     layout_basic, grunt_vaults_entry_fortified, good_gods_mini_temple
D:15:     hangedman_depths_entry_civil_slaughter, layout_irregular_city,
          kennysheep_treasure_room
Lair:1:   layout_layer_cave
Lair:2:   layout_cave_pods, hellmonk_spider_entry_life_and_decay,
          gammafunk_ghost_split, serial_bayou_shore_b
Lair:3:   layout_roguey, minmay_swamp_entry_worms,
          hellmonk_ghost_happy_afterlife, gauntlet_entry_generic,
          grunt_megastairs_2, serial_bayou_shore_b, serial_bayou_shore_b
Lair:4:   layout_long_grid, slime_entry_2, forest_entry_grove,
          grunt_megastairs_4, infiniplex_staircase_pool_2
Lair:5:   hellmonk_lair_end_abyssal_woods, layout_cave_pods
Swamp:1:  layout_basic_swamp, nicolae_swamp_dense_foliage, swamp_pool1
Swamp:2:  nzn_winding_woodlands_three_and_one [nzn_winding_woodlands_5x15_cabin,
          nzn_winding_woodlands_5x15_longhouse,
          nzn_winding_woodlands_5x15_jagged,
          nzn_winding_woodlands_center_diamonds], layout_basic_swamp,
          evilmike_swamp_ruin_house_5
Swamp:3:  layout_basic_swamp, nicolae_swamp_round_clearing, swamp_pool4
Swamp:4:  swamp_pestilence, layout_basic_swamp, portal_ice_cave_entry_ugly_swarm
Orc:1:    layout_caves, bh_open_orc_temple
Orc:2:    st_orc_pillars, layout_diamond_mine
IceCv:    ice_cave_small_demon

Skill      XL: |  1  2  3  4  5  6  7  8  9 10 11 12 13 14 15 16 17 |
---------------+----------------------------------------------------+-----
Axes           | 4 5 6 7 9 10 11 12 14 15 16 17 | 17.6
Fighting       | 4 5 6 7 9 10 11 13 15 17 19 20 | 20.8
Armour         | 3 4 6 7 8 9 11 12 13 14 16 17 | 17.4
Dodging        | 3 4 5 6 8 9 10 11 13 15 17 18 | 18.7
Shields        | 1 4 6 8 10 11 13 14 15 16 | 16.2

Action                     |  1- 3 |  4- 6 |  7- 9 | 10-12 | 13-15 | 16-18 || total
---------------------------+-------+-------+-------+-------+-------+-------++-------
  Melee: Hand axe          |    58 |   116 |       |       |       |       ||   174
         Headbutt          |     9 |    13 |    41 |    84 |   251 |   122 ||   520
         Punch             |     1 |       |     2 |       |       |       ||     3
         War axe           |       |    22 |   220 |    97 |       |       ||   339
         Broad axe         |       |       |       |   244 |  1007 |   496 ||  1747
  Throw: Javelin           |       |       |     6 |     3 |    31 |       ||    40
         Dart              |       |       |       |       |    36 |       ||    36
 Invoke: Berserk           |     2 |     2 |     6 |     6 |     7 |     8 ||    31
         Trog's Hand       |       |       |     1 |     1 |       |     2 ||     4
         Brothers in Arms  |       |       |       |       |       |     1 ||     1
  Evoke: Wand              |       |       |       |       |     1 |       ||     1
    Use: Scroll            |       |     8 |     1 |     6 |    14 |     1 ||    30
   Stab: Sleeping          |     1 |       |       |       |       |       ||     1
         Petrified         |       |       |       |     3 |       |       ||     3
 Armour: Animal skin       |     8 |       |       |       |       |       ||     8
         Scale mail        |     5 |    44 |       |       |       |       ||    49
         Plate armour      |       |    12 |   143 |   135 |   340 |   166 ||   796
  Dodge: Dodged            |    33 |    68 |    67 |    90 |   278 |   141 ||   677
  Block: Other             |       |       |    20 |       |       |       ||    20
         Kite shield       |       |       |   104 |   267 |   796 |       ||  1167
         Reflection        |       |       |     4 |    26 |    50 |    12 ||    92
         Tower shield      |       |       |       |       |    92 |   462 ||   554
